 Dungeon Crawl Stone Soup version 0.29.1-4-g47bece8355 (webtiles) character file.

Game seed: 9442931159814074604

1551 kingsuperguy the Cleaver (level 8, -6/63 HPs)
             Began as a Hill Orc Monk on Dec 2, 2022.
             Was a Priest of Hepliaklqana.
             Mangled by a two-headed ogre
             ... wielding a +0 giant club
              (10 damage)
             ... on level 8 of the Dungeon.
             The game lasted 00:13:43 (5517 turns).

kingsuperguy the Cleaver (Hill Orc Monk)            Turns: 5517, Time: 00:13:44

Health: -6/63      AC: 11    Str: 16    XL:     8   Next: 88%
Magic:  8/8        EV: 12    Int: 10    God:    Hepliaklqana [***...]
Gold:   332        SH:  0    Dex: 13    Spells: 7/7 levels left

rFire   . . .      SeeInvis .   H - +1 hand axe (distort)
rCold   . . .      Faith    +   (no shield)
rNeg    . . .      Spirit   .   i - +0 ring mail
rPois   .          Reflect  .   G - +1 helmet
rElec   .          Harm     .   x - +1 cloak
rCorr   .          Rampage  .   (no gloves)
Will    .....                   (no boots)
Stlth   ..........              p - amulet of faith
HPRegen 0.20/turn               (no ring)
MPRegen 0.11/turn               (no ring)

@: confused, ambrosia-drunk
A: reduced essence
a: Renounce Religion, Recall Ancestor, Ancestor Identity, Transference


You were on level 8 of the Dungeon.
You worshipped Hepliaklqana.
Hepliaklqana was most pleased with you.
You visited 2 branches of the dungeon, and saw 8 of its levels.

You collected 332 gold pieces.

Inventory:

Hand Weapons
 a - a +0 hand axe
 H - a +1 hand axe of distortion (weapon)
 J - a +1 dire flail of freezing
Missiles
 y - 5 javelins (quivered)
 F - 3 silver boomerangs
Armour
 b - a +0 robe
 g - a +0 cloak
 i - a +0 ring mail (worn)
 x - a +1 cloak (worn)
 G - a +1 helmet (worn)
Magical Staves
 j - a staff of death
Jewellery
 p - an amulet of faith (around neck)
 r - a ring of ice
 E - an amulet of the acrobat
 I - an amulet of magic regeneration
Wands
 A - a wand of quicksilver (16)
Scrolls
 d - a scroll of enchant armour {unknown}
 e - 2 scrolls of immolation {unknown}
 f - a scroll of vulnerability {unknown}
 l - 4 scrolls of identify {unknown}
 n - 3 scrolls of teleportation {unknown}
 s - a scroll of enchant weapon {unknown}
 t - a scroll of silence {unknown}
 B - a scroll of fear {unknown}
 C - a scroll of torment {unknown}
Potions
 c - a potion of ambrosia
 h - 3 potions of resistance {unknown}
 k - 3 potions of attraction {unknown}
 m - 2 potions of haste {unknown}
 o - 2 potions of flight {unknown}
 q - 2 potions of brilliance {unknown}
 u - a potion of cancellation {unknown}
 v - a potion of magic {unknown}
 w - 4 potions of curing {unknown}
 z - a potion of degeneration {unknown}
 D - a potion of mutation {unknown}


   Skills:
 + Level 6.1 Fighting
 + Level 9.1 Axes
 * Level 7.4 Armour
 + Level 3.5 Dodging
 + Level 2.3 Stealth


You had 7 spell levels left.
You didn't know any spells.
Your spell library contained the following spells:

 Spells                   Type           Power      Damage    Failure   Level
 Magic Dart               Conj           0%         1d3       54%         1
 Ensorcelled Hibernation  Hex/Ice        0%         N/A       69%         2
 Passwall                 Tmut/Erth      0%         N/A       69%         2
 Sublimation of Blood     Necr           0%         N/A       69%         2
 Wereblood                Tmut           0%         N/A       69%         2
 Ozocubu's Armour         Ice            0%         N/A       89%         3
 Swiftness                Air            0%         N/A       89%         3
 Metabolic Englaciation   Hex/Ice        0%         N/A       100%        5
 Simulacrum               Ice/Necr       0%         N/A       100%        6
 Summon Hydra             Summ           0%         N/A       100%        7


Dungeon Overview and Level Annotations

Branches:
Dungeon (8/15)             Temple (1/1) D:4
   Lair: D:8-11

Altars:
Ashenzari
Cheibriados
Dithmenos
Elyvilon
Fedhas
Hepliaklqana
Makhleb
Nemelex Xobeh
Okawaru
Qazlal
Ru
Sif Muna
Trog
Uskayaw
Vehumet
Wu Jian
Xom
Yredelemnul
Zin
The Shining One

Annotations:
D:4 3 runed translucent doors, Dowan, Duvessa
D:7 3 runed translucent doors, fantasyman's ghost, novice DgCj
Temple 2 transporters


Message History

The two-headed ogre attacks as you move away!
The two-headed ogre closely misses you.
The two-headed ogre hits you with a +0 dire flail!
Nammahani casts a spell at the two-headed ogre.
The stone arrow hits the two-headed ogre!
Nammahani barely misses the two-headed ogre.
Nammahani casts a spell at the two-headed ogre.
The stone arrow hits the two-headed ogre!
Nammahani points at the two-headed ogre and mumbles some strange words.
The stone arrow hits the two-headed ogre!
Found a scroll labelled KUAZOFIESI.
The two-headed ogre barely misses Nammahani.
The two-headed ogre hits Nammahani with a +0 dire flail!!
Nammahani is destroyed!
The two-headed ogre hits you with a +0 giant club!!
The two-headed ogre hits you with a +0 dire flail.
* * * LOW HITPOINT WARNING * * *
Okay, then.
You are confused.
You feel invigorated.
You hit the two-headed ogre.
Space warps around the two-headed ogre.
The two-headed ogre is severely wounded.
The two-headed ogre hits you with a +0 giant club!
* * * LOW HITPOINT WARNING * * *
The two-headed ogre completely misses you.
The two-headed ogre misses you.
The two-headed ogre hits you with a +0 dire flail!
You bump into the rock wall.
The two-headed ogre closely misses you.
The two-headed ogre hits you with a +0 dire flail.
You bump into the rock wall.
You barely miss the two-headed ogre.
The two-headed ogre is severely wounded.
The two-headed ogre completely misses you.
The two-headed ogre hits you with a +0 dire flail!
* * * LOW HITPOINT WARNING * * *
The two-headed ogre attacks as you move away!
The two-headed ogre hits you with a +0 giant club!
* * * LOW HITPOINT WARNING * * *
The two-headed ogre hits you with a +0 dire flail!
You die...

### ##.#########.
#..@...?.....
#...O........
#########..##..####.
##....#.##..##..#####
#............#.......
#............#.......
#............#.......
#............#.......
##.####.##..##..#####


You could see a two-headed ogre.

Vanquished Creatures
  2 ice beasts (D:7)
  A centaur (D:7)
  An ogre (D:7)
  2 necrophages
  7 wights (D:7)
  4 killer bees (D:7)
  An orc priest (D:7)
  Jessica (D:2)
  2 orc wizards
  6 adders
  2 worms
  3 dart slugs
  9 orcs
  2 bats
  3 endoplasms
  3 giant cockroaches
  8 goblins
  5 hobgoblins
  6 jackals
  A quokka (D:4)
  4 frilled lizards
  2 kobolds
  5 rats
80 creatures vanquished.

Vanquished Creatures (collateral kills)
  A sky beast (D:7)
  2 wights (D:7)
  An iguana (D:7)
  An orc wizard (D:7)
  A worm (D:2)
  3 dart slugs
  2 orcs (D:7)
  An endoplasm (D:2)
  A giant cockroach (D:4)
  A quokka (D:2)
  A ball python (D:2)
15 creatures vanquished.

Vanquished Creatures (others)
  2 battlemagi
  2 ancestors
  4 toadstools (D:1)
8 creatures vanquished.

Grand Total: 103 creatures vanquished

Notes
Turn   | Place    | Note
-------+----------+-------------------------------------------
     0 | D:1      | kingsuperguy the Hill Orc Monk began the quest for the Orb.
     0 | D:1      | Reached XP level 1. HP: 19/19 MP: 1/1
   210 | D:1      | Reached XP level 2. HP: 4/27 MP: 2/2
  1042 | D:2      | Reached skill level 1 in Armour
  1042 | D:2      | Reached XP level 3. HP: 26/33 MP: 3/3
  1153 | D:2      | Found a faded altar of an unknown god.
  1161 | D:2      | Got Plato's Compilation of Outbursts
  1246 | D:2      | Noticed Jessica
  1252 | D:2      | Killed Jessica
  1254 | D:2      | Reached XP level 4. HP: 24/40 MP: 4/4
  1382 | D:2      | You fall into a shaft and drop 2 floors!
  1553 | D:4      | Found a runed translucent gate.
  1554 | D:4      | Found a runed translucent gate.
  1568 | D:4      | Found a staircase to the Ecumenical Temple.
  1619 | D:4      | Found a runed translucent gate.
  1647 | Temple   | Entered the Ecumenical Temple
  1647 | Temple   | Found a transporter.
  1647 | Temple   | Found a transporter.
  1649 | Temple   | Found a transporter.
  1649 | Temple   | Found a transporter.
  1706 | Temple   | Became a worshipper of Hepliaklqana the Forgotten
  1706 | Temple   | Reached * piety under Hepliaklqana
  1706 | Temple   | Reached ** piety under Hepliaklqana
  1804 | D:4      | Reached skill level 5 in Axes
  2009 | D:3      | Reached XP level 5. HP: 23/42 MP: 5/5
  2848 | D:3      | Found a radiant altar of Vehumet.
  2864 | D:3      | Reached skill level 6 in Axes
  2864 | D:3      | Reached XP level 6. HP: 20/49 MP: 6/6
  3450 | D:4      | Found an iron altar of Okawaru.
  3461 | D:4      | Noticed Dowan
  3462 | D:4      | Noticed Duvessa
  3482 | D:5      | Entered Level 5 of the Dungeon
  3502 | D:5      | You fall into a shaft and drop 2 floors!
  3588 | D:7      | Found a stormy altar of Qazlal.
  3784 | D:7      | Noticed an ice beast
  3785 | D:7      | Reached skill level 5 in Fighting
  3795 | D:7      | Reached XP level 7. HP: 49/54 MP: 7/7
  3814 | D:7      | Remembered your ancestor Nammahani as a battlemage
  3826 | D:7      | Reached skill level 7 in Axes
  4176 | D:7      | Reached skill level 5 in Armour
  4399 | D:7      | Reached XP level 8. HP: 62/62 MP: 8/8
  4416 | D:7      | Reached skill level 8 in Axes
  5182 | D:7      | Reached skill level 9 in Axes
  5347 | D:7      | Found a runed translucent gate.
  5348 | D:7      | Found a runed translucent gate.
  5350 | D:7      | Found a runed translucent gate.
  5351 | D:7      | Noticed fantasyman's ghost (novice DgCj)
  5492 | D:8      | Reached *** piety under Hepliaklqana
  5494 | D:8      | Noticed a two-headed ogre
  5517 | D:8      | Mangled by a two-headed ogre

Illustrated notes

Levels and vault maps discovered:
D:1:      sevenhm_arrival_forest_fort_small_3, layout_rooms,
          minmay_gold_behind_fungi
D:2:      layout_loops_cross, shapermc_ecumenical_altar_rom_forum, uniq_jessica
D:3:      layout_rooms, mainiacjoe_overflow_alcove_1
D:4:      cheibrodos_barr_body, layout_rooms, okawaru_trees_2,
          minmay_temple_entry_butterflies, ebering_ghost_rock_garden,
          nicolae_underground_beach, uniq_duvessa
D:5:      layout_rooms
D:7:      layout_basic, grunt_qazlal_sundering, ebering_ghost_rock_garden
D:8:      layout_gridville
Temple:   hellmonk_temple_divided_pantheon

Skill      XL: |  1  2  3  4  5  6  7  8 |
---------------+-------------------------+-----
Armour         | 1 2 4 5 7 |  7.4
Fighting       | 4 5 6 |  6.1
Axes           | 5 6 7 9 |  9.1
Stealth        | 2 |  2.3
Dodging        | 3 |  3.5

Action                   |  1- 3 |  4- 6 |  7- 9 || total
-------------------------+-------+-------+-------++-------
Melee: Hand axe          |    73 |   163 |    66 ||   302
       Punch             |     1 |     4 |     3 ||     8
Invok: Ancestor Life: Ba |       |       |     1 ||     1
  Use: Potion            |       |       |     2 ||     2
 Stab: Sleeping          |     2 |       |       ||     2
       Distracted        |       |       |     2 ||     2
Armor: Robe              |     8 |       |       ||     8
       Ring mail         |     9 |    68 |    19 ||    96
Dodge: Dodged            |    44 |    84 |    43 ||   171
